 Dungeon Crawl Stone Soup version 0.31.0-11-ge490571c62 (webtiles) character file.

Game seed: 16669816658413868610

1063 hawla the Charlatan (level 8, -6/44 HPs)
             Began as a Deep Elf Fire Elementalist on Feb 5, 2024.
             Was an Initiate of Vehumet.
             Mangled by an orc warrior
             ... wielding a +0 spear
              (9 damage)
             ... in a bailey.
             The game lasted 00:15:13 (5741 turns).

hawla the Charlatan (Deep Elf Fire Elementalist)    Turns: 5741, Time: 00:15:14

Health: -6/44      AC:  8    Str:  8    XL:     8   Next: 6%
Magic:  1/14       EV: 12    Int: 23    God:    Vehumet [......]
Gold:   253        SH:  0    Dex: 15    Spells: 6/13 levels left

rFire   . . .        b - +4 demon trident "Ashrairucw" {venom, rC+ SInv}
rCold   + + .        (no shield)
rNeg    . . .        a - +1 robe
rPois   .            c - +2 helmet
rElec   .            (no cloak)
rCorr   .            f - +1 pair of gloves {Str+3}
SInv    +            (no boots)
Will    .....        d - amulet of the acrobat
Stlth   +++          l - ring of see invisible
HPRegen 0.27/turn    p - ring of flight
MPRegen 0.14/turn

%: acrobat
@: flying
A: cold resistance 1, inability to drink after injury 1
a: Renounce Religion


You were in a bailey.
You worshipped Vehumet.
Vehumet was noncommittal.
You visited 2 branches of the dungeon, and saw 8 of its levels.
You also visited: Bailey.

You collected 253 gold pieces.

Inventory:

Hand Weapons
 b - the +4 demon trident "Ashrairucw" (weapon) {venom, rC+ SInv}
   (You found it in a bailey)

   rC+:       It protects you from cold.
   SInv:      It lets you see invisible.
Armour
 a - a +1 robe (worn)
 c - a +2 helmet (worn)
 f - a +1 pair of gloves of strength (worn)
Jewellery
 d - an amulet of the acrobat (around neck)
 l - a ring of see invisible (left hand)
 p - a ring of flight (right hand)
Wands
 n - a wand of paralysis (5)
 o - a wand of roots (16) (quivered)
Scrolls
 i - a scroll of torment
 r - a scroll of identify
Potions
 e - 2 potions of enlightenment
 h - 2 potions of cancellation
 j - a potion of might


   Skills:
 - Level 2.0 Fighting
 - Level 0.2 Staves
 - Level 2.6 Dodging
 - Level 4.0 Stealth
 - Level 4.0 Shields
 - Level 3.1 Spellcasting
 + Level 1.5 Conjurations
 + Level 3.5 Fire Magic
 - Level 5.0 Alchemy
 - Level 5.0 Evocations
 - Level 0.2 Shapeshifting


You had 6 spell levels left.
You knew the following spells:

 Your Spells              Type           Power      Damage    Failure   Level
a - Foxfire               Conj/Fire      60%        2x1d7     4%          1
b - Scorch                Fire           38%        2d6       4%          2
c - Flame Wave            Conj/Fire      15%        2d7       38%         4

Your spell library contained the following spells:

 Spells                   Type           Power      Damage    Failure   Level
 Sublimation of Blood     Necr           3%         N/A       17%         2
 Inner Flame              Hex/Fire       11%        N/A       17%         3
 Volatile Blastmotes      Fire/Tloc      22%        2d11      17%         3
 Fugue of the Fallen      Necr           3%         N/A       34%         3
 Ozocubu's Armour         Ice            3%         N/A       34%         3
 Petrify                  Alch/Erth      15%        N/A       38%         4
 Irradiate                Conj/Alch      9%         3d14      63%         5
 Animate Armour           Summ/Erth      6%         N/A       75%         4
 Manifold Assault         Tloc           3%         N/A       75%         4
 Monstrous Menagerie      Summ           1%         N/A       100%        7


Dungeon Overview and Level Annotations

Branches:
Dungeon (7/15)             Temple (1/1) D:7          Bailey (1/1)

Altars:
Fedhas
Gozag
Kikubaaqudgha
Makhleb
Nemelex Xobeh
Okawaru
Qazlal
Uskayaw
Vehumet
Xom
Yredelemnul
Zin
The Shining One

Annotations:
D:7 Jeremiah


Innate Abilities, Weirdness & Mutations

Your flesh is cold resistant. (rC+)
You occasionally lose the ability to drink potions when taking damage.


Message History

The orc warrior is heavily wounded.
The orc warrior hits you but does no damage.
The orc warrior misses you. The orc warrior barely misses you.
As you close the door, it creaks loudly!
An orc warrior breaks down the door.
The orc warrior hits you from afar with a +0 halberd.
The orc warrior hits you from afar with a +0 trident.
Unknown command.
The orc warrior attacks as it pursues you!
The orc warrior barely misses you.
The orc warrior is no longer more vulnerable to fire. x2
The orc warrior closely misses you.
Casting: Scorch (safe; 4% risk of failure)
Confirm with . or Enter, or press ? or * to list all spells.
Casting: Flame Wave (quite dangerous; 38% risk of failure)
Press: ? - help, Dir - look around, f - activate A wave of flame ripples out!
The flame wave engulfs the orc warrior but does no damage.
The orc warrior is heavily wounded. (Press . to intensify the flame waves.)
The orc warrior hits you with a +0 halberd!
* * * LOW HITPOINT WARNING * * *
The orc warrior closely misses you.
A wave of flame ripples out!
The flame wave engulfs the orc warrior!
The orc warrior is almost dead.
The flame wave engulfs the orc warrior.
The orc warrior is lightly wounded.
You hear a shout! x4
The orc warrior hits you from afar with a +0 spear!
* * * LOW HITPOINT WARNING * * *
You hear a shout! x2
Okay, then.
You closely miss the orc warrior.
The orc warrior is almost dead.
You hear a shout!
The orc warrior hits you but does no damage.
You hit the orc warrior.
The orc warrior is poisoned.
The orc warrior is almost dead.
The orc warrior hits you from afar with a +0 spear!
You die...

### ##∩∩
#..# ##..
###
.######).#
##o##
..........
##.@[##
~~~~~)~~).
#.....#
........).
###o###
########.).


ooo #.$$$.##.~. §≈.≈§ .$.##..~. §....§≈ #.##..~~. ≈...⌠...§ #..~~.∩ ....⌠∩⌠....
#..~~.# ..≈§.....≈≈.. ##..~~. You could see 5 orc warriors.

Vanquished Creatures
  2 orc warriors (Bailey)
  A black bear (D:6)
  3 ice beasts
  An ogre (D:5)
  A bullfrog (D:4)
  A howler monkey (D:4)
  A bombardier beetle (D:5)
  A sleepcap (D:5)
  2 hounds (D:5)
  2 iguanas
  3 adders
  5 ribbon worms
  2 dart slugs
  19 orcs
  12 ball pythons
  6 endoplasms
  5 giant cockroaches
  6 goblins
  4 hobgoblins
  7 jackals (D:2)
  10 kobolds
  3 quokkas
  6 bats
  3 frilled lizards
  7 rats
113 creatures vanquished.

Vanquished Creatures (others)
  336 foxfires
336 creatures vanquished.

Grand Total: 449 creatures vanquished

Notes
Turn   | Place    | Note
-------+----------+-------------------------------------------
     0 | D:1      | hawla the Deep Elf Fire Elementalist began the quest for
                  | the Orb.
     0 | D:1      | Reached XP level 1. HP: 10/10 MP: 6/6
   213 | D:1      | Reached XP level 2. HP: 15/15 MP: 5/8
   261 | D:1      | Learned a level 2 spell: Scorch
   432 | D:1      | Reached skill level 1 in Fighting
   690 | D:1      | Reached XP level 3. HP: 20/20 MP: 2/9
  1630 | D:2      | Reached XP level 4. HP: 26/26 MP: 6/10
  1641 | D:2      | Reached skill level 1 in Shields
  2836 | D:3      | Reached XP level 5. HP: 30/30 MP: 8/11
  3103 | D:3      | Got Taagon's Textbook on the Gathered Quarry
  3506 | D:4      | Found a glowing golden altar of the Shining One.
  3778 | D:4      | Found a sparkling altar of Nemelex Xobeh.
  3795 | D:4      | Learned a level 4 spell: Flame Wave
  4007 | D:5      | Entered Level 5 of the Dungeon
  4018 | D:5      | Reached XP level 6. HP: 35/35 MP: 5/12
  4418 | D:5      | Reached skill level 1 in Alchemy
  4418 | D:5      | Reached skill level 1 in Evocations
  4582 | D:5      | Noticed an ice beast
  4588 | D:5      | Killed an ice beast
  4589 | D:5      | Reached XP level 7. HP: 40/40 MP: 5/13
  5227 | D:7      | Found an iron altar of Okawaru.
  5347 | D:7      | Noticed Jeremiah
  5358 | D:7      | Found a staircase to the Ecumenical Temple.
  5367 | Temple   | Entered the Ecumenical Temple
  5382 | Temple   | Became a worshipper of Vehumet
  5407 | D:7      | Found a flagged portal.
  5411 | Bailey   | Entered a bailey
  5582 | Bailey   | Reached skill level 5 in Alchemy
  5582 | Bailey   | Reached skill level 5 in Evocations
  5582 | Bailey   | Reached XP level 8. HP: 14/44 MP: 0/14
  5582 | Bailey   | Gained mutation: You occasionally lose the ability to drink
                  | potions when taking damage. [potion of mutation]
  5582 | Bailey   | Gained mutation: Your flesh is cold resistant. (rC+)
                  | [potion of mutation]
  5592 | Bailey   | Identified the +4 demon trident "Ashrairucw" {venom, rC+
                  | SInv}
  5724 | Bailey   | Identified the +5 plate armour of True Grit {Regen+ Dex+3}
  5739 | Bailey   | HP: 2/44 [orc warrior/+0 spear (10)]
  5741 | Bailey   | Mangled by an orc warrior

Illustrated notes

Levels and vault maps discovered:
D:1:      scummos_arrival_gate, layout_basic, hangedman_decor_growths
D:2:      layout_loops_ring
D:3:      layout_rooms, nicolae_titane
D:4:      layout_loops_ring, kennysheep_little_box, mainiacjoe_overflow_catwalk
D:5:      layout_cave_pools
D:6:      layout_loops_ring, hellmonk_overflow_destroyed_library,
          nicolae_ashenzari_skybound, serial_shops, shop, nicolae_diamond_shop,
          kennysheep_mini_moat, shop, shop
D:7:      layout_basic, mainiacjoe_overflow_surrounded_room,
          mainiacjoe_overflow_catch_the_wave, minmay_temple_entry_waves,
          enter_bailey_5, uniq_jeremiah
Temple:   zaba_magenta_temple
Bailey:   bailey_polearm_1, bailey

Skill      XL: |  1  2  3  4  5  6  7 |
---------------+----------------------+-----
Fighting       | 1 2 |  2.0
Stealth        | 3 4 |  4.0
Shields        | 1 3 4 |  4.0
Alchemy        | 2 5 |  5.0
Evocations     | 2 5 |  5.0
Staves         | |  0.2
Dodging        | |  2.6
Spellcasting   | |  3.1
Conjurations   | |  1.5
Fire Magic     | |  3.5
Shapeshifting  | |  0.2

Action                     |  1- 3 |  4- 6 |  7- 9 || total
---------------------------+-------+-------+-------++-------
  Melee: Unarmed           |     4 |    20 |     3 ||    27
         Punch             |       |     1 |       ||     1
         Demon trident     |       |       |     2 ||     2
   Cast: Foxfire           |    68 |    98 |    33 ||   199
         Scorch            |     4 |    32 |    17 ||    53
         Flame Wave        |       |       |     2 ||     2
    Use: Scroll            |     5 |     8 |     7 ||    20
         Potion            |       |     2 |     3 ||     5
 Armour: Robe              |    14 |    38 |    39 ||    91
  Dodge: Dodged            |    18 |    34 |    44 ||    96
